 Dungeon Crawl Stone Soup version 0.20.1-1-g8b1a95d (webtiles) character file.

84 Principatus the Magician (level 4, 0/24 HPs)
             Began as a Deep Elf Wizard on Aug 1, 2017.
             Slain by a river rat (7 damage)
             ... in a sewer.
             The game lasted 00:07:53 (2227 turns).

Principatus the Magician (Deep Elf Wizard)          Turns: 2227, Time: 00:07:54

Health: 0/24       AC:  3    Str:  4    XL:     4   Next: 24%
Magic:  3/13       EV: 13    Int: 24    God:
Gold:   25         SH:  0    Dex: 13    Spells: 2/13 levels left

rFire    . . .     SeeInvis .   g - +0 dagger
rCold    . . .     Gourm    .   (no shield)
rNeg     . . .     Faith    .   a - +0 robe
rPois    .         Spirit   .   b - +1 hat
rElec    .         Reflect  .   (no cloak)
rCorr    .         Harm     .   (no gloves)
MR       .....                  (no boots)
Stlth    +.........             (no amulet)
Regen    0.1/turn               (no ring)
MPRegen  0.2/turn               (no ring)

@: very slow
A: no striking features
a: no special abilities


You were in a sewer.
You were not hungry.

You visited 1 branch of the dungeon, and saw 3 of its levels.
You also visited: Sewer.

You collected 25 gold pieces.

Inventory:

Hand Weapons
 g - a +0 dagger (weapon)
 k - a cursed -3 whip
Missiles
 n - 35 stones (quivered)
Armour
 a - a +0 robe (worn)
 b - a +1 hat (worn)
Jewellery
 o - a +2 ring of evasion {unknown}
Scrolls
 e - 5 scrolls of identify
 r - a scroll of remove curse
 s - a scroll of enchant armour
 t - a scroll of magic mapping {unknown}
Potions
 f - 2 potions of might
 h - 3 potions of brilliance {unknown}
 i - a potion of flight {unknown}
 l - a potion of berserk rage {unknown}
 m - 2 potions of agility {unknown}
 q - a potion of mutation {unknown}
Books
 c - a book of Minor Magic

   Spells                             Type                      Level
   a - Magic Dart                     Conjuration                  1
   b - Blink                          Translocation                2
   c - Call Imp                       Summoning                    2
   d - Slow                           Hexes                        2
   e - Conjure Flame                  Conjuration/Fire             3
   f - Mephitic Cloud                 Conjuration/Poison/Air       3
Comestibles
 d - 4 bread rations
 j - 2 fruits
 p - a royal jelly


   Skills:
 + Level 3.2 Dodging
 - Level 2.4 Stealth
 + Level 5.1 Spellcasting
 * Level 3.4 Conjurations
 - Level 1.1 Summonings
 - Level 1.1 Translocations


You had 2 spell levels left.
You knew the following spells:

 Your Spells              Type           Power        Failure   Level  Hunger
a - Magic Dart            Conj           ###.         1%          1    None
b - Blink                 Tloc           N/A          9%          2    None
c - Call Imp              Summ           ##......     9%          2    None
d - Conjure Flame         Conj/Fire      ##......     13%         3    ##.....
e - Mephitic Cloud        Conj/Pois/Air  ##......     16%         3    ##.....


Dungeon Overview and Level Annotations

Branches:
Dungeon (3/15)

Altars:
Ashenzari
Gozag
Qazlal
Ru


Message History

Your crimson imp disappears in a puff of smoke!
The river rat misses your shadow imp.
Your crimson imp misses the river rat.
Your shadow imp completely misses the river rat.
The river rat bites your shadow imp.
Your crimson imp blinks!
Your shadow imp hits the river rat but does no damage.
The river rat bites your shadow imp.
Your shadow imp dies!
Your crimson imp blinks!
Your magical contamination has completely faded away.
Casting: Call Imp
Confirm with . or Enter, or press ? or * to list all spells.
A beastly little devil appears in a puff of flame.
The river rat bites you.
* * * LOW HITPOINT WARNING * * *
You enter the shallow water.
Moving in this stuff is going to be slow.
Your crimson imp barely misses the river rat.
The river rat bites you!
You die...

### #.######r##
#r...#5#.## ##.#.#r##
#.#####.#
#####≈###################
.≈≈.§.≈.≈5.≈.≈≈5≈≈≈≈≈≈.≈≈
.≈≈≈≈≈.....≈≈≈≈r@≈.≈≈≈...
#################≈######
#≈# #≈# #≈# #≈# #≈# #≈#
#.#


You could see a river rat and 2 friendly crimson imps.

Vanquished Creatures
  3 adders
  An ooze (D:1)
  3 dart slugs
  A leopard gecko (D:2)
  3 ball pythons
  5 bats
  3 giant cockroaches
  8 goblins
  2 hobgoblins (D:1)
  2 jackals (D:2)
  4 kobolds
  A quokka (D:3)
  7 frilled lizards
  5 rats
48 creatures vanquished.

Notes
Turn   | Place    | Note
-------+----------+-------------------------------------------
     0 | D:1      | Principatus the Deep Elf Wizard began the quest for the Orb.
     0 | D:1      | Reached XP level 1. HP: 10/10 MP: 7/7
   327 | D:1      | Reached XP level 2. HP: 15/15 MP: 4/9
   342 | D:1      | Learned a level 2 spell: Blink
   345 | D:1      | Learned a level 2 spell: Call Imp
  1199 | D:2      | Reached XP level 3. HP: 19/19 MP: 8/11
  1204 | D:2      | Learned a level 3 spell: Conjure Flame
  1208 | D:2      | Learned a level 3 spell: Mephitic Cloud
  1373 | D:2      | Found an opulent altar of Gozag.
  1385 | D:2      | Found a shattered altar of Ashenzari.
  1400 | D:2      | Found a stormy altar of Qazlal.
  1509 | D:2      | Reached skill level 5 in Spellcasting
  1794 | D:2      | Found a sacrificial altar of Ru.
  1988 | D:3      | Found a glowing drain.
  1997 | Sewer    | Entered a sewer
  2025 | Sewer    | Reached XP level 4. HP: 20/24 MP: 0/13
  2227 | Sewer    | Slain by a river rat

Skill      XL: |  1  2  3 |
---------------+----------+-----
Conjurations   | 2 3 |  3.4
Spellcasting   | 5 |  5.1
Dodging        | 3 |  3.2
Stealth        | |  2.4
Summonings     | |  1.1
Translocations | |  1.1

Action                   |  1- 3 |  4- 6 || total
-------------------------+-------+-------++-------
Melee: Dagger            |    10 |       ||    10
 Cast: Magic Dart        |   116 |     7 ||   123
       Call Imp          |     1 |     4 ||     5
       Blink             |       |     1 ||     1
  Use: Scroll            |     4 |       ||     4
  Eat: Chunk             |     3 |     1 ||     4
Armor: Robe              |     9 |     1 ||    10
Dodge: Dodged            |    35 |     2 ||    37
